Workbook

Sheet Orçamento
E1: PO - PLANILHA ORÇAMENTÁRIA | K1: Grau de Sigilo
E2: {=IF(TIPOORCAMENTO="licitado","Orçamento Licitado","Orçamento Base para Licitação")&" - "&import.recurso} -> Orçamento Base para Licitação - OGU | K2: #PUBLICO
B4: Nº OPERAÇÃO | D4: Nº TransfereGOV | E4: PROPONENTE / TOMADOR | F4: APELIDO DO EMPREENDIMENTO
B5: =Import.CR -> - | D5: {=Import.TransfereGOV} -> - | E5: =Import.Proponente -> Prefeitura Municipal de Canoas | F5: =Import.Apelido -> CJ. HAB. ACADEPOL
B7: LOCALIDADE SINAPI | D7: DATA BASE | E7: {=IF(TIPOORCAMENTO="Licitado","NOME DA EMPRESA","DESCRIÇÃO DO LOTE")} -> DESCRIÇÃO DO LOTE | F7: {=IF(TIPOORCAMENTO="Licitado","REGIME DE EXECUÇÃO","MUNICÍPIO / UF")} -> MUNICÍPIO / UF | I7: {=IF(TIPOORCAMENTO="Licitado","","BDI 1")} -> BDI 1 | J7: {=IF(TIPOORCAMENTO="Licitado","","BDI 2")} -> BDI 2 | K7: {=IF(TIPOORCAMENTO="Licitado","Nº CTEF","BDI 3")} -> BDI 3 | AB7: TRUE
B8: PORTO ALEGRE | E8: {=IF(TIPOORCAMENTO="Licitado",Import.empresa,Import.DescLote)} -> Infraestrutura para moradias de Interesse Social | F8: {=IF(TIPOORCAMENTO="Licitado",Import.RegimeExecução,Import.Município)} -> Canoas/RS
G10: =IF(AND(Import.TipoArredondamento="TransfereGOV",$AB$7=FALSE),"▼","") | H10: =IF(AND(Import.TipoArredondamento="TransfereGOV",$AB$8=FALSE),"▼","") | I10: =IF(AND(Import.TipoArredondamento="TransfereGOV",$AB$10=FALSE),"▼","")
B11: {=IF(AND(Import.TipoArredondamento="TransfereGOV",COUNTIF($AB$7:$AB$10,TRUE)<>5),"Para contratos que tramitam no Transferegov todos os valores devem ser arredondados para duas casas decimais", IF(AND(#REF!<>"",#REF!<>"",#REF!<>#REF!),"O arquivo "&MID(#REF!,2,SEARCH("]",#REF!)-1)&" está com a data base errada ("&#REF!&"). Corrija a data base antes de continuar.", IF(COUNTIF($Y$13:$Y$95,"FONTE")>0,"Falta preencher a Fonte (coluna P) na Linha "&(14+MATCH("FONTE",$Y$13:$Y$95,0)), IF(COUNTIF($Y$13:$Y$95,"CÓDIGO")>0,"Falta preencher o Código (coluna Q) na Linha "&(14+MATCH("CÓDIGO",$Y$13:$Y$95,0)), IF(COUNTIF($Y$13:$Y$95,"CÓDIGO N/ID")>0,"Código (coluna Q) não identificado na Linha "&(14+MATCH("CÓDIGO N/ID",$Y$13:$Y$95,0))&". Verifique se o código está correto ou busque outro código", IF(COUNTIF($Y$13:$Y$95,"DESCRIÇÃO")>0,"Falta preencher a Descrição (coluna R) na Linha "&(14+MATCH("DESCRIÇÃO",$Y$13:$Y$95,0)), IF(COUNTIF($Y$13:$Y$95,"UNIDADE")>0,"Falta preencher a Unidade (coluna S) na Linha "&(14+MATCH("UNIDADE",$Y$13:$Y$95,0)), IF(COUNTIF($Y$13:$Y$95,"SEM CUSTO")>0,"Falta preencher o Custo Unitário (coluna U) na Linha "&(14+MATCH("SEM CUSTO",$Y$13:$Y$95,0)), IF(COUNTIF($Y$13:$Y$95,"SEM PREÇO")>0,"Falta preencher o Preço Unitário licitado (coluna AL) na Linha "&(14+MATCH("SEM CUSTO",$Y$13:$Y$95,0)), IF(COUNTIF($Y$13:$Y$95,"BDI")>0,"Falta definir o BDI (coluna V) na Linha "&(14+MATCH("BDI",$Y$13:$Y$95,0)), IF(COUNTIF($Y$13:$Y$95,"ACIMA REF.")>0, IF(TIPOORCAMENTO="Proposto","O custo unitário (coluna U) na Linha "&(14+MATCH("ACIMA REF.",$Y$13:$Y$95,0))&" está acima do custo referencial (coluna AG)", "O preço unitário licitado (coluna AL) na Linha "&(14+MATCH("ACIMA REF.",$Y$13:$Y$95,0))&" está acima do preço referencial do edital (coluna AN)"), IF(COUNTIF($Y$13:$Y$95,"QUANT.")>0,"Falta a Quantidade do serviço na Linha "&(14+MATCH("QUANT.",$Y$13:$Y$95,0))&IF(ACOMPANHAMENTO="PLE",". Preencher na aba CÁLCULO",". Preencher na coluna AJ"), IF(COUNTIF($Y$13:$Y$95,"Código >13")>0,"O tamanho do código do serviço no TransfereGOV é limitado a 13 caracteres. Resuma o código (coluna Q) na Linha "&(14+MATCH("Código >13",$Y$13:$Y$95,0)), IF(COUNTIF($Y$13:$Y$95,"Descrição >100")>0,"O tamanho da descrição de macrosserviço no TransfereGOV é limitado a 100 caracteres. Resuma a descrição (coluna R) na Linha "&(14+MATCH("Descrição >100",$Y$13:$Y$95,0)), IF(COUNTIF($Y$13:$Y$95,"Descrição >500")>0,"O tamanho da descrição de serviço no TransfereGOV é limitado a 500 caracteres. Resuma a descrição (coluna R) na Linha "&(14+MATCH("Descrição >500",$Y$13:$Y$95,0)), IF(COUNTIF($Y$13:$Y$95,"Unid. Não Disp")>0,"Unidade não disponível na lista do TransfereGOV. Reveja a unidade (coluna S) na Linha "&(14+MATCH("Unid. Não Disp",$Y$13:$Y$95,0)), IF(AND(TIPOORCAMENTO="Proposto",LEFT(#REF!,5)="(N/D:"),"Abra o arquivo Referência "&_xlfn.SINGLE(Excel_BuiltIn_Database)&".xlsm","")))))))))))))))))} -> #REF!
B12: Item | C12: Fonte | D12: Código | E12: Descrição | F12: Unidade | G12: Quantidade | H12: {=IF(TIPOORCAMENTO="Licitado","","Custo Unitário (sem BDI) (R$)")} -> Custo Unitário (sem BDI) (R$) | I12: {=IF(TIPOORCAMENTO="Licitado","","BDI (%)")} -> BDI (%) | J12: Preço Unitário (com BDI) (R$) | K12: Preço Total (R$)
B13: Infraestrutura para moradias de Interesse Social
B14: 1. | D14: LOTE 01 - INFRAESTRUTURA INICIAL
B15: 1.1. | E15: Administração Local
B16: 1.1.1. | C16: SINAPI | D16: 90779 | E16: ENGENHEIRO CIVIL DE OBRA SENIOR COM ENCARGOS COMPLEMENTARES | F16: H | G16: 180
B17: 1.1.2. | C17: Composição | D17: 1 | E17: VIGIA NOTURNO COM ENCARGOS COMPLEMENTARES | F17: MES | G17: 3
B18: 1.1.3. | C18: SINAPI | D18: 93572 | E18: ENCARREGADO GERAL DE OBRAS COM ENCARGOS COMPLEMENTARES | F18: MES | G18: 3
B19: 1.2. | E19: Instalações provisórias, montagem do canteiro de obras e serviços iniciais
B20: 1.2.1. | C20: SINAPI | D20: 100952 | E20: TRANSPORTE COM CAMINHÃO CARROCERIA COM GUINDAUTO (MUNCK), MOMENTO MÁXIMO DE CARGA 11,7 TM, EM VIA URBANA PAVIMENTADA, DMT ATÉ 30KM (UNIDADE: TXKM). AF_07/2020 | F20: TXKM | G20: 351
B21: 1.2.2. | C21: SINAPI | D21: 100953 | E21: TRANSPORTE COM CAMINHÃO CARROCERIA COM GUINDAUTO (MUNCK), MOMENTO MÁXIMO DE CARGA 11,7 TM, EM VIA URBANA PAVIMENTADA, ADICIONAL PARA DMT EXCEDENTE A 30 KM (UNIDADE: TXKM). AF_07/2020 | F21: TXKM | G21: 1989
B22: 1.2.3. | C22: SINAPI | D22: 105114 | E22: EXECUÇÃO DOS APOIOS PARA CONTÊINER OU MÓDULO HABITÁVEL. AF_03/2024 | F22: M3 | G22: 0.77
B23: 1.2.4. | C23: SINAPI | D23: 105115 | E23: INSTALAÇÃO E DESINSTALAÇÃO MECANIZADA DE CONTÊINER OU MÓDULO HABITÁVEL DE USOS DIVERSOS. AF_03/2024 | F23: UN | G23: 3
B24: 1.2.5. | C24: Composição | D24: 2 | E24: ISOLAMENTO COM TELA PLÁSTICA LARANJA - H=1,20M | F24: M | G24: 659.27
B25: 1.2.6. | C25: Cotação | D25: 11137 ORSE | E25: Entrada de energia elétrica trifásica demanda entre 19 kw e 26,6 kw - Rev 01 | F25: UN | G25: 2
B26: 1.2.7. | C26: SINAPI | D26: 95648 | E26: KIT CAVALETE PARA MEDIÇÃO DE ÁGUA - ENTRADA INDIVIDUALIZADA, EM CPVC DN 28 MM (1"), PARA 1 MEDIDOR - FORNECIMENTO E INSTALAÇÃO (EXCLUSIVE HIDRÔMETRO). AF_03/2024 | F26: UN | G26: 2
B27: 1.2.8. | C27: SINAPI | D27: 103689 | E27: FORNECIMENTO E INSTALAÇÃO DE PLACA DE OBRA COM CHAPA GALVANIZADA E ESTRUTURA DE MADEIRA. AF_03/2022_PS | F27: M2 | G27: 2.88
B28: 1.2.9. | C28: Composição | D28: 11 | E28: SONDAGEM SPT (COM OU SEM LENÇOL) | F28: Furo | G28: 16
B29: 1.2.10. | C29: Cotação | D29: 4175 ORSE | E29: Locação de loteamento com piquetes de madeira | F29: m2 | G29: 8701.85
B30: 1.3. | E30: Terraplenagem
B31: 1.3.1. | C31: SINAPI | D31: 98525 | E31: LIMPEZA MECANIZADA DE CAMADA VEGETAL, VEGETAÇÃO E PEQUENAS ÁRVORES (DIÂMETRO DE TRONCO MENOR QUE 0,20 M), COM TRATOR DE ESTEIRAS. AF_03/2024 | F31: M2 | G31: 8701.85
B32: 1.3.2. | C32: Composição | D32: 10 | E32: DECAPAGEM DO TERRENO E BOTA FORA DE SOLO ORGÂNICO/INSERVÍVEL - DMT 20KM | F32: M3 | G32: 1131.24
B33: 1.3.3. | C33: SINAPI | D33: 101134 | E33: ESCAVAÇÃO HORIZONTAL, INCLUINDO CARGA, DESCARGA E TRANSPORTE EM SOLO DE 1A CATEGORIA COM TRATOR DE ESTEIRAS (100HP/LÂMINA: 2,19M3) E CAMINHÃO BASCULANTE DE 10M3, DMT ATÉ 200M. AF_07/2020 | F33: M3 | G33: 1696.19
B34: 1.3.4. | C34: SINAPI | D34: 98529 | E34: CORTE RASO E RECORTE DE ÁRVORE COM DIÂMETRO DE TRONCO MAIOR OU IGUAL A 0,20 M E MENOR QUE 0,40 M. AF_03/2024 | F34: UN | G34: 30
B35: 1.3.5. | C35: SINAPI | D35: 98526 | E35: REMOÇÃO DE RAÍZES REMANESCENTES DE TRONCO DE ÁRVORE COM DIÂMETRO MAIOR OU IGUAL A 0,20 M E MENOR QUE 0,40 M. AF_03/2024 | F35: UN | G35: 30
B36: 1.3.6. | C36: SINAPI | D36: 105559 | E36: EXECUÇÃO E COMPACTAÇÃO DE CORPO DE ATERRO DE ATERRO (95% DE ENERGIA DO PROCTOR NORMAL) COM SOLO PREDOMINANTEMENTE ARGILOSO, EM CAMADAS COM ESPESSURA DE 20 CM - EXCLUSIVE ESCAVAÇÃO, CARGA E TRANSPORTE E SOLO. AF_09/2024 | F36: M3 | G36: 2197
B37: 1.3.7. | C37: SINAPI | D37: 105560 | E37: EXECUÇÃO E COMPACTAÇÃO DE CAMADA FINAL DE ATERRO (100% DE ENERGIA DO PROCTOR NORMAL) COM SOLO PREDOMINANTEMENTE ARGILOSO, EM CAMADAS COM ESPESSURA DE 20 CM - EXCLUSIVE ESCAVAÇÃO, CARGA E TRANSPORTE E SOLO. AF_09/2024 | F37: M3 | G37: 780
B38: 1.3.8. | C38: SINAPI | D38: 100974 | E38: CARGA, MANOBRA E DESCARGA DE SOLOS E MATERIAIS GRANULARES EM CAMINHÃO BASCULANTE 10 M³ - CARGA COM PÁ CARREGADEIRA (CAÇAMBA DE 1,7 A 2,8 M³ / 128 HP) E DESCARGA LIVRE (UNIDADE: M3). AF_07/2020 | F38: M3 | G38: 1280.81
B39: 1.3.9. | C39: SINAPI-I | D39: 368 | E39: AREIA PARA ATERRO - POSTO JAZIDA/FORNECEDOR (RETIRADO NA JAZIDA, SEM TRANSPORTE) | F39: M3 | G39: 1280.81
B40: 1.3.10. | C40: SINAPI | D40: 95875 | E40: TRANSPORTE COM CAMINHÃO BASCULANTE DE 10 M³, EM VIA URBANA PAVIMENTADA, DMT ATÉ 30 KM (UNIDADE: M3XKM). AF_07/2020 | F40: M3XKM | G40: 25616.25
B41: 1.3.11. | C41: Composição | D41: 12 | E41: ENSAIO GEOTÉCNICO CBR – California Bearing Ratio (Índice de Suporte Califórnia – ISC) - INCLUINDO MOBILIZAÇÃO, COLETA DE AMOSTRA, ENSAIO, LAUDO, RELATÓRIO FOTOGRÁFICO E ART | F41: UN | G41: 4
B42: 1.4. | E42: Muro de Arrimo de fundos
B43: 1.4.1. | C43: SINAPI | D43: 96525 | E43: ESCAVAÇÃO MECANIZADA PARA VIGA BALDRAME OU SAPATA CORRIDA COM MINI-ESCAVADEIRA (INCLUINDO ESCAVAÇÃO PARA COLOCAÇÃO DE FÔRMAS). AF_01/2024 | F43: M3 | G43: 10.96
B44: 1.4.2. | C44: SINAPI | D44: 96521 | E44: ESCAVAÇÃO MECANIZADA PARA BLOCO DE COROAMENTO OU SAPATA COM RETROESCAVADEIRA (INCLUINDO ESCAVAÇÃO PARA COLOCAÇÃO DE FÔRMAS). AF_01/2024 | F44: M3 | G44: 9.5
B45: 1.4.3. | C45: SINAPI | D45: 96617 | E45: LASTRO DE CONCRETO MAGRO, APLICADO EM BLOCOS DE COROAMENTO OU SAPATAS, ESPESSURA DE 3 CM. AF_01/2024 | F45: M2 | G45: 65.64
B46: 1.4.4. | C46: SINAPI | D46: 100896 | E46: ESTACA ESCAVADA MECANICAMENTE, SEM FLUIDO ESTABILIZANTE, COM 25CM DE DIÂMETRO, CONCRETO LANÇADO POR CAMINHÃO BETONEIRA (EXCLUSIVE MOBILIZAÇÃO E DESMOBILIZAÇÃO). AF_01/2020 | F46: M | G46: 88
B47: 1.4.5. | C47: SINAPI | D47: 95601 | E47: ARRASAMENTO MECANICO DE ESTACA DE CONCRETO ARMADO, DIAMETROS DE ATÉ 40 CM. AF_05/2021 | F47: UN | G47: 44
B48: 1.4.6. | C48: SINAPI | D48: 96534 | E48: FABRICAÇÃO, MONTAGEM E DESMONTAGEM DE FÔRMA PARA BLOCO DE COROAMENTO, EM MADEIRA SERRADA, E=25 MM, 4 UTILIZAÇÕES. AF_01/2024 | F48: M2 | G48: 46.2
B49: 1.4.7. | C49: SINAPI | D49: 96536 | E49: FABRICAÇÃO, MONTAGEM E DESMONTAGEM DE FÔRMA PARA VIGA BALDRAME, EM MADEIRA SERRADA, E=25 MM, 4 UTILIZAÇÕES. AF_01/2024 | F49: M2 | G49: 199.2
B50: 1.4.8. | C50: SINAPI | D50: 92413 | E50: MONTAGEM E DESMONTAGEM DE FÔRMA DE PILARES RETANGULARES E ESTRUTURAS SIMILARES, PÉ-DIREITO SIMPLES, EM MADEIRA SERRADA, 4 UTILIZAÇÕES. AF_09/2020 | F50: M2 | G50: 42.61
B51: 1.4.9. | C51: SINAPI | D51: 92763 | E51: ARMAÇÃO DE PILAR OU VIGA DE ESTRUTURA CONVENCIONAL DE CONCRETO ARMADO UTILIZANDO AÇO CA-50 DE 12,5 MM - MONTAGEM. AF_06/2022 | F51: KG | G51: 1151.43
B52: 1.4.10. | C52: SINAPI | D52: 104920 | E52: ARMAÇÃO DE BLOCO, SAPATA ISOLADA, VIGA BALDRAME E SAPATA CORRIDA UTILIZANDO AÇO CA-50 DE 12,5 MM - MONTAGEM. AF_01/2024 | F52: KG | G52: 1316.48
B53: 1.4.11. | C53: SINAPI | D53: 96557 | E53: CONCRETAGEM DE BLOCO DE COROAMENTO OU VIGA BALDRAME, FCK 30 MPA, COM USO DE BOMBA - LANÇAMENTO, ADENSAMENTO E ACABAMENTO. AF_01/2024 | F53: M3 | G53: 16.46
B54: 1.4.12. | C54: SINAPI | D54: 103672 | E54: CONCRETAGEM DE PILARES, FCK = 25 MPA, COM USO DE BOMBA - LANÇAMENTO, ADENSAMENTO E ACABAMENTO. AF_02/2022_PS | F54: M3 | G54: 3.44
... B57: 1.4.15. | C57: Composição | D57: 7 | E57: IMPERMEABILIZAÇÃO DE SUPERFÍCIE COM EMULSÃO ASFÁLTICA, 1 DEMÃO. AF_09/2023 | F57: M2 | G57: 414.8
B58: 1.5. | E58: Muros Laterais
B59: 1.5.1. | C59: SINAPI | D59: 96524 | E59: ESCAVAÇÃO MECANIZADA PARA VIGA BALDRAME OU SAPATA CORRIDA COM MINI-ESCAVADEIRA (SEM ESCAVAÇÃO PARA COLOCAÇÃO DE FÔRMAS). AF_01/2024 | F59: M3 | G59: 28.66
B60: 1.5.2. | C60: SINAPI | D60: 96617 | E60: LASTRO DE CONCRETO MAGRO, APLICADO EM BLOCOS DE COROAMENTO OU SAPATAS, ESPESSURA DE 3 CM. AF_01/2024 | F60: M2 | G60: 81.87
B61: 1.5.3. | C61: SINAPI | D61: 103800 | E61: PEDRA ARGAMASSADA COM CIMENTO E AREIA 1:3, 40% DE ARGAMASSA EM VOLUME - AREIA E PEDRA DE MÃO COMERCIAIS - FORNECIMENTO E ASSENTAMENTO. AF_08/2022 | F61: M3 | G61: 45.39
B62: 1.5.4. | C62: Composição | D62: 7 | E62: IMPERMEABILIZAÇÃO DE SUPERFÍCIE COM EMULSÃO ASFÁLTICA, 1 DEMÃO. AF_09/2023 | F62: M2 | G62: 138.27
B63: 2. | D63: LOTE 02 - INFRAESTRUTURA COMPLEMENTAR
B64: 2.1. | E64: Administração Local e serviços iniciais
B65: 2.1.1. | C65: SINAPI | D65: 90779 | E65: ENGENHEIRO CIVIL DE OBRA SENIOR COM ENCARGOS COMPLEMENTARES | F65: H | G65: 120
B66: 2.1.2. | C66: Composição | D66: 1 | E66: VIGIA NOTURNO COM ENCARGOS COMPLEMENTARES | F66: MES | G66: 2
B67: 2.1.3. | C67: SINAPI | D67: 93572 | E67: ENCARREGADO GERAL DE OBRAS COM ENCARGOS COMPLEMENTARES | F67: MES | G67: 2
B68: 2.2. | E68: Instalações provisórias, montagem do canteiro de obras e serviços iniciais
B69: 2.2.1. | C69: SINAPI | D69: 100952 | E69: TRANSPORTE COM CAMINHÃO CARROCERIA COM GUINDAUTO (MUNCK), MOMENTO MÁXIMO DE CARGA 11,7 TM, EM VIA URBANA PAVIMENTADA, DMT ATÉ 30KM (UNIDADE: TXKM). AF_07/2020 | F69: TXKM | G69: 180
B70: 2.2.2. | C70: SINAPI | D70: 100953 | E70: TRANSPORTE COM CAMINHÃO CARROCERIA COM GUINDAUTO (MUNCK), MOMENTO MÁXIMO DE CARGA 11,7 TM, EM VIA URBANA PAVIMENTADA, ADICIONAL PARA DMT EXCEDENTE A 30 KM (UNIDADE: TXKM). AF_07/2020 | F70: TXKM | G70: 1020
B71: 2.2.3. | C71: SINAPI | D71: 105114 | E71: EXECUÇÃO DOS APOIOS PARA CONTÊINER OU MÓDULO HABITÁVEL. AF_03/2024 | F71: M3 | G71: 0.77
B72: 2.2.4. | C72: SINAPI | D72: 105115 | E72: INSTALAÇÃO E DESINSTALAÇÃO MECANIZADA DE CONTÊINER OU MÓDULO HABITÁVEL DE USOS DIVERSOS. AF_03/2024 | F72: UN | G72: 3
B73: 2.2.5. | C73: Cotação | D73: 4175 ORSE | E73: Locação de loteamento com piquetes de madeira | F73: m2 | G73: 850.82
B74: 2.3. | E74: Cercamento
B75: 2.3.1. | C75: SINAPI | D75: 102363 | E75: ALAMBRADO PARA QUADRA POLIESPORTIVA, ESTRUTURADO POR TUBOS DE ACO GALVANIZADO, (MONTANTES COM DIAMETRO 2", TRAVESSAS E ESCORAS COM DIÂMETRO 1 ¼"), COM TELA DE ARAME GALVANIZADO, FIO 12 BWG E MALHA QUADRADA 5X5CM (EXCETO MURETA). AF_03/2021 | F75: M2 | G75: 269.38
B76: 2.4. | E76: Esgoto cloacal e pluvial
B77: 2.4.1. | C77: SINAPI | D77: 89714 | E77: TUBO PVC, SERIE NORMAL, ESGOTO PREDIAL, DN 100 MM, FORNECIDO E INSTALADO EM RAMAL DE DESCARGA OU RAMAL DE ESGOTO SANITÁRIO. AF_08/2022 | F77: M | G77: 1247.51
B78: 2.4.2. | C78: SINAPI | D78: 97897 | E78: CAIXA ENTERRADA HIDRÁULICA RETANGULAR, EM CONCRETO PRÉ-MOLDADO, DIMENSÕES INTERNAS: 0,6X0,6X0,5 M. AF_12/2020 | F78: UN | G78: 63
B79: 2.4.3. | C79: SINAPI | D79: 102279 | E79: ESCAVAÇÃO MECANIZADA DE VALA COM PROF. ATÉ 1,5 M (MÉDIA MONTANTE E JUSANTE/UMA COMPOSIÇÃO POR TRECHO), ESCAVADEIRA (0,8 M3),LARG. MENOR QUE 1,5 M, EM SOLO DE 1A CATEGORIA, LOCAIS COM BAIXO NÍVEL DE INTERFERÊNCIA. AF_09/2024 | F79: M3 | G79: 385.59
B80: 2.4.4. | C80: SINAPI | D80: 101618 | E80: PREPARO DE FUNDO DE VALA COM LARGURA MENOR QUE 1,5 M, COM CAMADA DE AREIA, LANÇAMENTO MANUAL. AF_08/2020 | F80: M3 | G80: 19.85
B81: 2.4.5. | C81: SINAPI | D81: 104737 | E81: REATERRO MANUAL DE VALAS, COM PLACA VIBRATÓRIA. AF_08/2023 | F81: M3 | G81: 364.46
B82: 2.5. | E82: Pavimentação externa (passeio público)
B83: 2.5.1. | C83: SINAPI | D83: 96622 | E83: LASTRO COM MATERIAL GRANULAR, APLICADO EM PISOS OU LAJES SOBRE SOLO, ESPESSURA DE *5 CM*. AF_01/2024 | F83: M3 | G83: 42.54
B84: 2.5.2. | C84: SINAPI | D84: 97113 | E84: APLICAÇÃO DE LONA PLÁSTICA PARA EXECUÇÃO DE PAVIMENTOS DE CONCRETO. AF_04/2022 | F84: M2 | G84: 850.82
B85: 2.5.3. | C85: SINAPI | D85: 94991 | E85: EXECUÇÃO DE PASSEIO (CALÇADA) OU PISO DE CONCRETO COM CONCRETO MOLDADO IN LOCO, USINADO C20, ACABAMENTO CONVENCIONAL, NÃO ARMADO. AF_08/2022 | F85: M3 | G85: 31.22
B86: 2.5.4. | C86: SINAPI | D86: 94994 | E86: EXECUÇÃO DE PASSEIO (CALÇADA) OU PISO DE CONCRETO COM CONCRETO MOLDADO IN LOCO, FEITO EM OBRA, ACABAMENTO CONVENCIONAL, ESPESSURA 8 CM, ARMADO. AF_08/2022 | F86: M2 | G86: 330.26
B87: 2.5.5. | C87: SINAPI | D87: 104658 | E87: PISO PODOTÁTIL DE ALERTA OU DIRECIONAL, DE CONCRETO, ASSENTADO SOBRE ARGAMASSA. AF_03/2024 | F87: M2 | G87: 135.26
B88: 2.5.6. | C88: SINAPI | D88: 105002 | E88: RAMPA DE ACESSIBILIDADE EM CONCRETO MOLDADO IN LOCO, EM CALÇADA NOVA COM LARGURA MAIOR OU IGUAL À 3,00 M, FCK 25MPA, COM PISO PODOTÁTIL. AF_03/2024 | F88: UN | G88: 9
B89: 2.5.7. | C89: SINAPI | D89: 97935 | E89: CAIXA PARA BOCA DE LOBO SIMPLES RETANGULAR, EM CONCRETO PRÉ-MOLDADO, DIMENSÕES INTERNAS: 0,6X1,0X1,2 M. AF_12/2020 | F89: UN | G89: 1
B90: 2.5.8. | C90: SINAPI | D90: 97735 | E90: PEÇA RETANGULAR PRÉ-MOLDADA, VOLUME DE CONCRETO DE 30 A 100 LITROS, TAXA DE AÇO APROXIMADA DE 30KG/M³. AF_03/2024 | F90: M3 | G90: 0.52
B91: 2.6. | E91: Limpeza e arremates finais
B92: 2.6.1. | C92: SINAPI | D92: 98504 | E92: PLANTIO DE GRAMA BATATAIS EM PLACAS. AF_07/2024 | F92: M2 | G92: 261.62
B93: 2.6.2. | C93: Composição | D93: 8 | E93: LIMPEZA DE PISO EM CONCRETO COM VASSOURA A SECO. | F93: M2 | G93: 850.82
B94: 2.6.3. | C94: Composição | D94: 9 | E94: PROJETO AS BUILT | F94: UN | G94: 1
B98: Encargos sociais: | D98: Para elaboração deste orçamento, foram utilizados os encargos sociais do SINAPI para a Unidade da Federação indicada.
B100: Observações:
B105: Foi considerado arredondamento de duas casas decimais para Quantidade; Custo Unitário; BDI; Preço Unitário; Preço Total.
B106: Siglas da Composição do Investimento: RA - Rateio proporcional entre Repasse e Contrapartida; RP - 100% Repasse; CP - 100% Contrapartida; OU - 100% Outros.
B111: Local
B112: ______________________ Data

Sheet Cronograma
A1: =OFFSET(A1,-3,0)+1 -> #REF! | B1: =IF($P1<>2,0,IF($Q1=0,1,IF(E2>0,OFFSET([1]QCI!$M$13,SUBSTITUTE(E2,".",""),0),OFFSET([1]ORÇAMENTO!$AA$15,Cronograma!$E1,0))/$Q1)) -> #REF! | C1: =IF($P1<>2,0,IF($Q1=0,1,IF(E2>0,OFFSET([1]QCI!$N$13,SUBSTITUTE(E2,".",""),0),OFFSET([1]ORÇAMENTO!$AB$15,Cronograma!$E1,0))/$Q1)) -> #REF! | D1: =IF(AND($P1=2,ACOMPANHAMENTO="BM"),D2,D3/$Q1) -> #REF! | E1: =IF(A1<=ORÇAMENTO.MáximoListaCrono,MATCH(A1,ORÇAMENTO.ListaCrono,0),NA()) -> #REF! | G1: =IF($E2=0,OFFSET([1]ORÇAMENTO!O$15,$E1,0),IF($E2<>-1,OFFSET([1]QCI!$D$13,$E2,0),"")) -> #REF! | H1: =IF($E2=0,OFFSET([1]ORÇAMENTO!R$15,$E1,0),IF($E2<>-1,OFFSET([1]QCI!$G$13,$E2,0),"")) -> #REF! | K1: =IF($E2=0,OFFSET([1]ORÇAMENTO!C$15,$E1,0),1) -> #REF! | L1: =IF($E2=-1,0,IF(#REF!<=$K1,IF(ISERROR(MATCH(#REF!,OFFSET($K1,1,0,ROW($K$40)-ROW($K1)-1),0)),ROW($K$40)-ROW($K1)-1,MATCH(#REF!,OFFSET($K1,1,0,ROW($K$40)-ROW($K1)-1),0)-1),0)) -> #REF! | M1: =IF($E2=-1,0,IF(#REF!<=$K1,IF(ISERROR(MATCH(#REF!,OFFSET($K1,1,0,ROW($K$40)-ROW($K1)-1),0)),ROW($K$40)-ROW($K1)-1,MATCH(#REF!,OFFSET($K1,1,0,ROW($K$40)-ROW($K1)-1),0)-1),0)) -> #REF! | N1: =IF($E2=-1,0,IF(#REF!<=$K1,IF(ISERROR(MATCH(#REF!,OFFSET($K1,1,0,ROW($K$40)-ROW($K1)-1),0)),ROW($K$40)-ROW($K1)-1,MATCH(#REF!,OFFSET($K1,1,0,ROW($K$40)-ROW($K1)-1),0)-1),0)) -> #REF! | O1: =IF($E2=-1,0,IF(#REF!<=$K1,IF(ISERROR(MATCH(#REF!,OFFSET($K1,1,0,ROW($K$40)-ROW($K1)-1),0)),ROW($K$40)-ROW($K1)-1,MATCH(#REF!,OFFSET($K1,1,0,ROW($K$40)-ROW($K1)-1),0)-1),0)) -> #REF! | P1: =MIN(OFFSET(K1,0,1,,K1)) -> #REF! | Q1: =IF($E2=0,OFFSET([1]ORÇAMENTO!X$15,$E1,0),IF($E2<>-1,OFFSET([1]QCI!$O$13,$E2,0),"")) -> #REF! | R1: % Período: | S1: =IF(AND($P1=2,ACOMPANHAMENTO="BM"),S2,S3/$Q1) -> #REF! | T1: =IF(AND($P1=2,ACOMPANHAMENTO="BM"),T2,T3/$Q1) -> #REF! | U1: =IF(AND($P1=2,ACOMPANHAMENTO="BM"),U2,U3/$Q1) -> #REF! | V1: =IF(AND($P1=2,ACOMPANHAMENTO="BM"),V2,V3/$Q1) -> #REF! | W1: =IF(AND($P1=2,ACOMPANHAMENTO="BM"),W2,W3/$Q1) -> #REF! | X1: =IF(AND($P1=2,ACOMPANHAMENTO="BM"),X2,X3/$Q1) -> #REF! | Y1: =IF(AND($P1=2,ACOMPANHAMENTO="BM"),Y2,Y3/$Q1) -> #REF! | Z1: =IF(AND($P1=2,ACOMPANHAMENTO="BM"),Z2,Z3/$Q1) -> #REF! | ... AD1: =IF(AND($P1=2,ACOMPANHAMENTO="BM"),AD2,AD3/$Q1) -> #REF!
E2: =IF(ISERROR(E1),IF(1+COUNTIF(#REF!:OFFSET(K1,-1,0),1)<=MAX([1]QCI!$D$13:$D$24),1+COUNTIF(#REF!:OFFSET(K1,-1,0),1),-1),0) -> #REF! | H2: =IF(AND(#REF!<>0,ISNUMBER(#REF!)),"PREENCHA ESTA LINHA -->","") -> #REF!
D3: =IF($P1=2,IF(AND(ACOMPANHAMENTO="PLE",ISNUMBER($E1)),SUMIF((OFFSET([1]CÁLCULO!$AM$15:$AW$15,$E1,0,OFFSET([1]ORÇAMENTO!$D$15,Cronograma!$E1,0))),"="&Cronograma!#REF!,OFFSET([1]CÁLCULO!$AB$15:$AL$15,$E1,0,OFFSET([1]ORÇAMENTO!$D$15,Cronograma!$E1,0)))+IF(AND($E3<>"",$E3<>0),SUMIF([1]CÁLCULO!$AM$15:$AW$40,"="&Cronograma!#REF!,[1]CÁLCULO!$AB$15:$AL$40)/([1]ORÇAMENTO!$X$15-CÁLCULO.TotalAdmLocal)*Cronograma!$E3,0),D2*$Q1),SUMIF(OFFSET($Q3,1,0,$P1-2),($K1+1)&"$",OFFSET(D3,1,0,$P1-2))) -> #REF! | E3: =IF(OR($P1<>2,AUTOEVENTO<>"manual",$E2>0),"",SUMIF(OFFSET([1]CÁLCULO!$M$15,Cronograma!$E1,0,OFFSET([1]ORÇAMENTO!$D$15,Cronograma!$E1,0)),1,OFFSET([1]ORÇAMENTO!$X$15,Cronograma!$E1,0,OFFSET([1]ORÇAMENTO!$D$15,Cronograma!$E1,0)))) -> #REF! | Q3: =K1&"$" -> #REF! | S3: =IF($P1=2,IF(AND(ACOMPANHAMENTO="PLE",ISNUMBER($E1)),SUMIF((OFFSET([1]CÁLCULO!$AM$15:$AW$15,$E1,0,OFFSET([1]ORÇAMENTO!$D$15,Cronograma!$E1,0))),"<="&Cronograma!#REF!,OFFSET([1]CÁLCULO!$AB$15:$AL$15,$E1,0,OFFSET([1]ORÇAMENTO!$D$15,Cronograma!$E1,0)))+IF(AND($E3<>"",$E3<>0),SUMIF([1]CÁLCULO!$AM$15:$AW$40,"<="&Cronograma!#REF!,[1]CÁLCULO!$AB$15:$AL$40)/([1]ORÇAMENTO!$X$15-CÁLCULO.TotalAdmLocal)*Cronograma!$E3,0),S2*$Q1),SUMIF(OFFSET($Q3,1,0,$P1-2),($K1+1)&"$",OFFSET(S3,1,0,$P1-2))) -> #REF! | T3: =IF($P1=2,IF(AND(ACOMPANHAMENTO="PLE",ISNUMBER($E1)),SUMIF((OFFSET([1]CÁLCULO!$AM$15:$AW$15,$E1,0,OFFSET([1]ORÇAMENTO!$D$15,Cronograma!$E1,0))),"="&Cronograma!#REF!,OFFSET([1]CÁLCULO!$AB$15:$AL$15,$E1,0,OFFSET([1]ORÇAMENTO!$D$15,Cronograma!$E1,0)))+IF(AND($E3<>"",$E3<>0),SUMIF([1]CÁLCULO!$AM$15:$AW$40,"="&Cronograma!#REF!,[1]CÁLCULO!$AB$15:$AL$40)/([1]ORÇAMENTO!$X$15-CÁLCULO.TotalAdmLocal)*Cronograma!$E3,0),T2*$Q1),SUMIF(OFFSET($Q3,1,0,$P1-2),($K1+1)&"$",OFFSET(T3,1,0,$P1-2))) -> #REF! | U3: =IF($P1=2,IF(AND(ACOMPANHAMENTO="PLE",ISNUMBER($E1)),SUMIF((OFFSET([1]CÁLCULO!$AM$15:$AW$15,$E1,0,OFFSET([1]ORÇAMENTO!$D$15,Cronograma!$E1,0))),"="&Cronograma!#REF!,OFFSET([1]CÁLCULO!$AB$15:$AL$15,$E1,0,OFFSET([1]ORÇAMENTO!$D$15,Cronograma!$E1,0)))+IF(AND($E3<>"",$E3<>0),SUMIF([1]CÁLCULO!$AM$15:$AW$40,"="&Cronograma!#REF!,[1]CÁLCULO!$AB$15:$AL$40)/([1]ORÇAMENTO!$X$15-CÁLCULO.TotalAdmLocal)*Cronograma!$E3,0),U2*$Q1),SUMIF(OFFSET($Q3,1,0,$P1-2),($K1+1)&"$",OFFSET(U3,1,0,$P1-2))) -> #REF! | V3: =IF($P1=2,IF(AND(ACOMPANHAMENTO="PLE",ISNUMBER($E1)),SUMIF((OFFSET([1]CÁLCULO!$AM$15:$AW$15,$E1,0,OFFSET([1]ORÇAMENTO!$D$15,Cronograma!$E1,0))),"="&Cronograma!#REF!,OFFSET([1]CÁLCULO!$AB$15:$AL$15,$E1,0,OFFSET([1]ORÇAMENTO!$D$15,Cronograma!$E1,0)))+IF(AND($E3<>"",$E3<>0),SUMIF([1]CÁLCULO!$AM$15:$AW$40,"="&Cronograma!#REF!,[1]CÁLCULO!$AB$15:$AL$40)/([1]ORÇAMENTO!$X$15-CÁLCULO.TotalAdmLocal)*Cronograma!$E3,0),V2*$Q1),SUMIF(OFFSET($Q3,1,0,$P1-2),($K1+1)&"$",OFFSET(V3,1,0,$P1-2))) -> #REF! | W3: =IF($P1=2,IF(AND(ACOMPANHAMENTO="PLE",ISNUMBER($E1)),SUMIF((OFFSET([1]CÁLCULO!$AM$15:$AW$15,$E1,0,OFFSET([1]ORÇAMENTO!$D$15,Cronograma!$E1,0))),"="&Cronograma!#REF!,OFFSET([1]CÁLCULO!$AB$15:$AL$15,$E1,0,OFFSET([1]ORÇAMENTO!$D$15,Cronograma!$E1,0)))+IF(AND($E3<>"",$E3<>0),SUMIF([1]CÁLCULO!$AM$15:$AW$40,"="&Cronograma!#REF!,[1]CÁLCULO!$AB$15:$AL$40)/([1]ORÇAMENTO!$X$15-CÁLCULO.TotalAdmLocal)*Cronograma!$E3,0),W2*$Q1),SUMIF(OFFSET($Q3,1,0,$P1-2),($K1+1)&"$",OFFSET(W3,1,0,$P1-2))) -> #REF! | X3: =IF($P1=2,IF(AND(ACOMPANHAMENTO="PLE",ISNUMBER($E1)),SUMIF((OFFSET([1]CÁLCULO!$AM$15:$AW$15,$E1,0,OFFSET([1]ORÇAMENTO!$D$15,Cronograma!$E1,0))),"="&Cronograma!#REF!,OFFSET([1]CÁLCULO!$AB$15:$AL$15,$E1,0,OFFSET([1]ORÇAMENTO!$D$15,Cronograma!$E1,0)))+IF(AND($E3<>"",$E3<>0),SUMIF([1]CÁLCULO!$AM$15:$AW$40,"="&Cronograma!#REF!,[1]CÁLCULO!$AB$15:$AL$40)/([1]ORÇAMENTO!$X$15-CÁLCULO.TotalAdmLocal)*Cronograma!$E3,0),X2*$Q1),SUMIF(OFFSET($Q3,1,0,$P1-2),($K1+1)&"$",OFFSET(X3,1,0,$P1-2))) -> #REF! | Y3: =IF($P1=2,IF(AND(ACOMPANHAMENTO="PLE",ISNUMBER($E1)),SUMIF((OFFSET([1]CÁLCULO!$AM$15:$AW$15,$E1,0,OFFSET([1]ORÇAMENTO!$D$15,Cronograma!$E1,0))),"="&Cronograma!#REF!,OFFSET([1]CÁLCULO!$AB$15:$AL$15,$E1,0,OFFSET([1]ORÇAMENTO!$D$15,Cronograma!$E1,0)))+IF(AND($E3<>"",$E3<>0),SUMIF([1]CÁLCULO!$AM$15:$AW$40,"="&Cronograma!#REF!,[1]CÁLCULO!$AB$15:$AL$40)/([1]ORÇAMENTO!$X$15-CÁLCULO.TotalAdmLocal)*Cronograma!$E3,0),Y2*$Q1),SUMIF(OFFSET($Q3,1,0,$P1-2),($K1+1)&"$",OFFSET(Y3,1,0,$P1-2))) -> #REF! | Z3: =IF($P1=2,IF(AND(ACOMPANHAMENTO="PLE",ISNUMBER($E1)),SUMIF((OFFSET([1]CÁLCULO!$AM$15:$AW$15,$E1,0,OFFSET([1]ORÇAMENTO!$D$15,Cronograma!$E1,0))),"="&Cronograma!#REF!,OFFSET([1]CÁLCULO!$AB$15:$AL$15,$E1,0,OFFSET([1]ORÇAMENTO!$D$15,Cronograma!$E1,0)))+IF(AND($E3<>"",$E3<>0),SUMIF([1]CÁLCULO!$AM$15:$AW$40,"="&Cronograma!#REF!,[1]CÁLCULO!$AB$15:$AL$40)/([1]ORÇAMENTO!$X$15-CÁLCULO.TotalAdmLocal)*Cronograma!$E3,0),Z2*$Q1),SUMIF(OFFSET($Q3,1,0,$P1-2),($K1+1)&"$",OFFSET(Z3,1,0,$P1-2))) -> #REF! | AA3: =IF($P1=2,IF(AND(ACOMPANHAMENTO="PLE",ISNUMBER($E1)),SUMIF((OFFSET([1]CÁLCULO!$AM$15:$AW$15,$E1,0,OFFSET([1]ORÇAMENTO!$D$15,Cronograma!$E1,0))),"="&Cronograma!#REF!,OFFSET([1]CÁLCULO!$AB$15:$AL$15,$E1,0,OFFSET([1]ORÇAMENTO!$D$15,Cronograma!$E1,0)))+IF(AND($E3<>"",$E3<>0),SUMIF([1]CÁLCULO!$AM$15:$AW$40,"="&Cronograma!#REF!,[1]CÁLCULO!$AB$15:$AL$40)/([1]ORÇAMENTO!$X$15-CÁLCULO.TotalAdmLocal)*Cronograma!$E3,0),AA2*$Q1),SUMIF(OFFSET($Q3,1,0,$P1-2),($K1+1)&"$",OFFSET(AA3,1,0,$P1-2))) -> #REF! | ... AD3: =IF($P1=2,IF(AND(ACOMPANHAMENTO="PLE",ISNUMBER($E1)),SUMIF((OFFSET([1]CÁLCULO!$AM$15:$AW$15,$E1,0,OFFSET([1]ORÇAMENTO!$D$15,Cronograma!$E1,0))),"="&Cronograma!#REF!,OFFSET([1]CÁLCULO!$AB$15:$AL$15,$E1,0,OFFSET([1]ORÇAMENTO!$D$15,Cronograma!$E1,0)))+IF(AND($E3<>"",$E3<>0),SUMIF([1]CÁLCULO!$AM$15:$AW$40,"="&Cronograma!#REF!,[1]CÁLCULO!$AB$15:$AL$40)/([1]ORÇAMENTO!$X$15-CÁLCULO.TotalAdmLocal)*Cronograma!$E3,0),AD2*$Q1),SUMIF(OFFSET($Q3,1,0,$P1-2),($K1+1)&"$",OFFSET(AD3,1,0,$P1-2))) -> #REF!
Q4: CFF - CRONOGRAMA FÍSICO-FINANCEIRO | AC4: Grau de Sigilo
G5: 1 | Q5: OGU | AC5: #PUBLICO
G7: NÚM. OPERAÇÃO | I7: NUM. TGOV | J7: PROPONENTE TOMADOR | S7: APELIDO EMPREENDIMENTO | X7: =IF(TIPOORCAMENTO="Licitado","NOME DA EMPRESA","DESCRIÇÃO DO LOTE") -> DESCRIÇÃO DO LOTE | AD7: =IF(TIPOORCAMENTO="Licitado","Nº CTEF","")
J8: Prefeitura Municipal de Canoas | S8: CJ. HAB. ACADEPOL | X8: Infraestrutura para moradias de interesse social | AD8: =IF(TIPOORCAMENTO="Licitado",Import.CTEF,"")
G12: Item | H12: Descrição Valor (R$) | R12: Parcelas: | S12: Mês 01 | T12: Mês 02 | U12: Mês 03 | V12: Mês 01 | W12: Mês 01
S13: Lote 01 | T13: Lote 01 | U13: Lote 01 | V13: Lote 02 | W13: Lote 02
A14: =OFFSET(A14,-3,0)+1 -> 1 | B14: =IF($P14<>2,0,IF($Q14=0,1,IF(E15>0,OFFSET([1]QCI!$M$13,SUBSTITUTE(E15,".",""),0),OFFSET([1]ORÇAMENTO!$AA$15,Cronograma!$E14,0))/$Q14)) -> 0 | C14: =IF($P14<>2,0,IF($Q14=0,1,IF(E15>0,OFFSET([1]QCI!$N$13,SUBSTITUTE(E15,".",""),0),OFFSET([1]ORÇAMENTO!$AB$15,Cronograma!$E14,0))/$Q14)) -> 0 | D14: =IF(AND($P14=2,ACOMPANHAMENTO="BM"),D15,D16/$Q14) -> #DIV/0! | E14: =IF(A14<=ORÇAMENTO.MáximoListaCrono,MATCH(A14,ORÇAMENTO.ListaCrono,0),NA()) -> #VALUE! | G14: 1. | H14: LOTE 01 - INFRAESTRUTURA INICIAL | R14: % Período:
E15: =IF(ISERROR(E14),IF(1+COUNTIF(#REF!:OFFSET(K14,-1,0),1)<=MAX([1]QCI!$D$13:$D$24),1+COUNTIF(#REF!:OFFSET(K14,-1,0),1),-1),0) -> #REF!
D16: =IF($P14=2,IF(AND(ACOMPANHAMENTO="PLE",ISNUMBER($E14)),SUMIF((OFFSET([1]CÁLCULO!$AM$15:$AW$15,$E14,0,OFFSET([1]ORÇAMENTO!$D$15,Cronograma!$E14,0))),"="&Cronograma!#REF!,OFFSET([1]CÁLCULO!$AB$15:$AL$15,$E14,0,OFFSET([1]ORÇAMENTO!$D$15,Cronograma!$E14,0)))+IF(AND($E16<>"",$E16<>0),SUMIF([1]CÁLCULO!$AM$15:$AW$40,"="&Cronograma!#REF!,[1]CÁLCULO!$AB$15:$AL$40)/([1]ORÇAMENTO!$X$15-CÁLCULO.TotalAdmLocal)*Cronograma!$E16,0),D15*$Q14),SUMIF(OFFSET($Q16,1,0,$P14-2),($K14+1)&"$",OFFSET(D16,1,0,$P14-2))) -> 0 | E16: =IF(OR($P14<>2,AUTOEVENTO<>"manual",$E15>0),"",SUMIF(OFFSET([1]CÁLCULO!$M$15,Cronograma!$E14,0,OFFSET([1]ORÇAMENTO!$D$15,Cronograma!$E14,0)),1,OFFSET([1]ORÇAMENTO!$X$15,Cronograma!$E14,0,OFFSET([1]ORÇAMENTO!$D$15,Cronograma!$E14,0)))) -> #REF! | G16: 1.1. | H16: Administração Local | R16: % Período:
A17: =OFFSET(A17,-3,0)+1 -> 2 | B17: =IF($P17<>2,0,IF($Q17=0,1,IF(E18>0,OFFSET([1]QCI!$M$13,SUBSTITUTE(E18,".",""),0),OFFSET([1]ORÇAMENTO!$AA$15,Cronograma!$E17,0))/$Q17)) -> 0 | C17: =IF($P17<>2,0,IF($Q17=0,1,IF(E18>0,OFFSET([1]QCI!$N$13,SUBSTITUTE(E18,".",""),0),OFFSET([1]ORÇAMENTO!$AB$15,Cronograma!$E17,0))/$Q17)) -> 0 | D17: =IF(AND($P17=2,ACOMPANHAMENTO="BM"),D18,D19/$Q17) -> #DIV/0! | E17: =IF(A17<=ORÇAMENTO.MáximoListaCrono,MATCH(A17,ORÇAMENTO.ListaCrono,0),NA()) -> #VALUE!
E18: =IF(ISERROR(E17),IF(1+COUNTIF(#REF!:OFFSET(K17,-1,0),1)<=MAX([1]QCI!$D$13:$D$24),1+COUNTIF(#REF!:OFFSET(K17,-1,0),1),-1),0) -> #REF! | G18: 1.2. | H18: Instalações provisórias, montagem do canteiro de obras e serviços iniciais | R18: % Período:
D19: =IF($P17=2,IF(AND(ACOMPANHAMENTO="PLE",ISNUMBER($E17)),SUMIF((OFFSET([1]CÁLCULO!$AM$15:$AW$15,$E17,0,OFFSET([1]ORÇAMENTO!$D$15,Cronograma!$E17,0))),"="&Cronograma!#REF!,OFFSET([1]CÁLCULO!$AB$15:$AL$15,$E17,0,OFFSET([1]ORÇAMENTO!$D$15,Cronograma!$E17,0)))+IF(AND($E19<>"",$E19<>0),SUMIF([1]CÁLCULO!$AM$15:$AW$40,"="&Cronograma!#REF!,[1]CÁLCULO!$AB$15:$AL$40)/([1]ORÇAMENTO!$X$15-CÁLCULO.TotalAdmLocal)*Cronograma!$E19,0),D18*$Q17),SUMIF(OFFSET($Q19,1,0,$P17-2),($K17+1)&"$",OFFSET(D19,1,0,$P17-2))) -> 0 | E19: =IF(OR($P17<>2,AUTOEVENTO<>"manual",$E18>0),"",SUMIF(OFFSET([1]CÁLCULO!$M$15,Cronograma!$E17,0,OFFSET([1]ORÇAMENTO!$D$15,Cronograma!$E17,0)),1,OFFSET([1]ORÇAMENTO!$X$15,Cronograma!$E17,0,OFFSET([1]ORÇAMENTO!$D$15,Cronograma!$E17,0)))) -> #REF!
A20: =OFFSET(A20,-3,0)+1 -> 3 | B20: =IF($P20<>2,0,IF($Q20=0,1,IF(E21>0,OFFSET([1]QCI!$M$13,SUBSTITUTE(E21,".",""),0),OFFSET([1]ORÇAMENTO!$AA$15,Cronograma!$E20,0))/$Q20)) -> 0 | C20: =IF($P20<>2,0,IF($Q20=0,1,IF(E21>0,OFFSET([1]QCI!$N$13,SUBSTITUTE(E21,".",""),0),OFFSET([1]ORÇAMENTO!$AB$15,Cronograma!$E20,0))/$Q20)) -> 0 | D20: =IF(AND($P20=2,ACOMPANHAMENTO="BM"),D21,D22/$Q20) -> #DIV/0! | E20: =IF(A20<=ORÇAMENTO.MáximoListaCrono,MATCH(A20,ORÇAMENTO.ListaCrono,0),NA()) -> #VALUE! | G20: 1.3. | H20: Terraplenagem | R20: % Período:
E21: =IF(ISERROR(E20),IF(1+COUNTIF(#REF!:OFFSET(K20,-1,0),1)<=MAX([1]QCI!$D$13:$D$24),1+COUNTIF(#REF!:OFFSET(K20,-1,0),1),-1),0) -> #REF!
D22: =IF($P20=2,IF(AND(ACOMPANHAMENTO="PLE",ISNUMBER($E20)),SUMIF((OFFSET([1]CÁLCULO!$AM$15:$AW$15,$E20,0,OFFSET([1]ORÇAMENTO!$D$15,Cronograma!$E20,0))),"="&Cronograma!#REF!,OFFSET([1]CÁLCULO!$AB$15:$AL$15,$E20,0,OFFSET([1]ORÇAMENTO!$D$15,Cronograma!$E20,0)))+IF(AND($E22<>"",$E22<>0),SUMIF([1]CÁLCULO!$AM$15:$AW$40,"="&Cronograma!#REF!,[1]CÁLCULO!$AB$15:$AL$40)/([1]ORÇAMENTO!$X$15-CÁLCULO.TotalAdmLocal)*Cronograma!$E22,0),D21*$Q20),SUMIF(OFFSET($Q22,1,0,$P20-2),($K20+1)&"$",OFFSET(D22,1,0,$P20-2))) -> 0 | E22: =IF(OR($P20<>2,AUTOEVENTO<>"manual",$E21>0),"",SUMIF(OFFSET([1]CÁLCULO!$M$15,Cronograma!$E20,0,OFFSET([1]ORÇAMENTO!$D$15,Cronograma!$E20,0)),1,OFFSET([1]ORÇAMENTO!$X$15,Cronograma!$E20,0,OFFSET([1]ORÇAMENTO!$D$15,Cronograma!$E20,0)))) -> #REF! | G22: 1.4. | H22: Muro de Arrimo de fundos | R22: % Período:
A23: =OFFSET(A23,-3,0)+1 -> 4 | B23: =IF($P23<>2,0,IF($Q23=0,1,IF(E24>0,OFFSET([1]QCI!$M$13,SUBSTITUTE(E24,".",""),0),OFFSET([1]ORÇAMENTO!$AA$15,Cronograma!$E23,0))/$Q23)) -> 0 | C23: =IF($P23<>2,0,IF($Q23=0,1,IF(E24>0,OFFSET([1]QCI!$N$13,SUBSTITUTE(E24,".",""),0),OFFSET([1]ORÇAMENTO!$AB$15,Cronograma!$E23,0))/$Q23)) -> 0 | D23: =IF(AND($P23=2,ACOMPANHAMENTO="BM"),D24,#REF!/$Q23) -> #REF! | E23: =IF(A23<=ORÇAMENTO.MáximoListaCrono,MATCH(A23,ORÇAMENTO.ListaCrono,0),NA()) -> #VALUE!
E24: =IF(ISERROR(E23),IF(1+COUNTIF(#REF!:OFFSET(K23,-1,0),1)<=MAX([1]QCI!$D$13:$D$24),1+COUNTIF(#REF!:OFFSET(K23,-1,0),1),-1),0) -> #REF! | G24: 1.5. | H24: Muros Laterais | R24: % Período:
G26: 2. | H26: LOTE 02 - INFRAESTRUTURA COMPLEMENTAR | R26: % Período:
G28: 2.1. | H28: Administração Local e serviços iniciais | R28: % Período:
G30: 2.2. | H30: Instalações provisórias, montagem do canteiro de obras e serviços iniciais | R30: % Período:
G32: 2.3. | H32: Cercamento | R32: % Período:
G34: 2.4. | H34: Esgoto cloacal e pluvial | R34: % Período:
G36: 2.5. | H36: Pavimentação externa (passeio público) | R36: % Período:
G38: 2.6. | H38: Limpeza e arremates finais | R38: % Período:
K40: #
D41: =D45/$P$41 -> #DIV/0! | G41: TOTAL: | R41: %:
D42: =ROUND(D47,2)-ROUND(C47,2) -> #REF! | R42: =IF(import.recurso="FGTS","Financiamento:","Repasse:") -> Repasse:
D43: =ROUND(D48,2)-ROUND(C48,2) -> #REF! | P43: Período: | R43: Contrapartida:
D44: =ROUND(D49,2)-ROUND(C49,2) -> #REF! | R44: Outros:
D45: =ROUND(D50,2)-ROUND(C50,2) -> 0 | R45: Investimento:
D46: =D50/$P$41 -> #DIV/0! | R46: %:
D47: =ROUND(D50-D49-D48,2) -> #REF! | R47: =IF(import.recurso="FGTS","Financiamento:","Repasse:") -> Repasse: | AE47: =AD47+SUMPRODUCT((OFFSET(#REF!,1,0):OFFSET($B$40,-3,0))*IF(ISNUMBER(OFFSET(AE$13,5,0):OFFSET(AE$40,-1,0)),OFFSET(AE$13,5,0):OFFSET(AE$40,-1,0),0)) -> #REF!
D48: {=C48+SUM((OFFSET(#REF!,1,0):OFFSET($B$40,-3,0))*IF(ISNUMBER(OFFSET(D$13,5,0):OFFSET(D$40,-1,0)),OFFSET(D$13,5,0):OFFSET(D$40,-1,0),0))} -> #REF! | P48: Acumulado: | R48: Contrapartida: | AE48: =AD48+SUMPRODUCT((OFFSET(#REF!,1,0):OFFSET($C$40,-3,0))*IF(ISNUMBER(OFFSET(AE$13,5,0):OFFSET(AE$40,-1,0)),OFFSET(AE$13,5,0):OFFSET(AE$40,-1,0),0)) -> #REF!
D49: {=C49+SUM((OFFSET(#REF!,1,0):OFFSET($C$40,-3,0))*IF(ISNUMBER(OFFSET(D$13,5,0):OFFSET(D$40,-1,0)),OFFSET(D$13,5,0):OFFSET(D$40,-1,0),0))} -> #REF! | R49: Outros: | AE49: =ROUND(AE50-AE47-AE48,2) -> #REF!
D50: =C50+SUMIF($Q$14:$Q$40,"1$",D14:D40) -> 0 | R50: Investimento: | AE50: =AD50+SUMIF($Q$14:$Q$40,"1$",AE14:AE40) -> 0
G54: Local
G55: ______________________ Data
